Map: [ESL] Babylon

Players

Reynor - Winner!

  • Race: Zerg Zerg
  • Spawn Location: 5:00

Hellraiser

  • Race: Protoss Protoss
  • Spawn Location: 11:00

Event: ESL SC2 Masters 2023 Summer (Regionals)

VOD

Have the link to the VOD?

Description

Time

  • Played on: May 7, 2023, 10:14 a.m.
  • Length: 9:43

All games in this series

Show
View Real Time Build Order
Export as new Build Order

Reynor Zerg - Winner!

Build Orders: Hatch First 

Get SALT Encoding   

  12  0:00  Drone  
  13  0:11  Overlord  
  13  0:16  Drone  
  14  0:30  Drone x2  
  16  0:48  Hatchery  
  15  0:51  Drone  
  15  0:55  Drone  
  17  0:58  Drone  
  18  1:08  Extractor  
  17  1:13  Spawning Pool  
  17  1:17  Drone  
  17  1:21  Drone  
  18  1:27  Drone  
  19  1:39  Drone  
  20  1:48  Overlord  
  20  2:00  Queen  
  22  2:01  Zergling x4  
  22  2:02  Spine Crawler  
  23  2:12  Zergling x2  
  23  2:13  Zergling x2  
  21  2:35  Roach Warren  
  20  2:38  Drone  
  20  2:41  Drone  
  22  2:46  Drone  
  23  2:51  Zergling x2  
  25  3:00  Evolution Chamber  
  25  3:04  Drone  
  24  3:15  Roach x3  
  30  3:23  Overlord  
  29  3:43  Roach x3  
  34  3:59  Ravager  
  34  4:05  Hatchery  
  34  4:06  Drone  
  34  4:07  Drone  
  35  4:11  Drone  
  35  4:14  Ravager  
  37  4:20  Overlord  
  38  4:38  Drone  
  38  4:39  Drone x2, Queen  
  42  4:50  Overlord  
  42  4:54  Drone x2  
  44  5:00  Overlord  
  44  5:07  Metabolic Boost  
  44  5:10  Drone  
  45  5:14  Drone  
  45  5:18  Drone x3  
  49  5:22  Drone  
  49  5:27  Drone  
  51  5:34  Drone  
  52  5:41  Drone  
  53  5:43  Drone  
  53  5:45  Hatchery  
  53  5:50  Queen  
  53  5:52  Overlord  
  55  5:57  Queen  
  57  6:06  Zergling x10  
  57  6:09  Zergling x2  
  57  6:10  Zergling x2  
  64  6:15  Zergling x2  
  65  6:20  Zergling x8  
  65  6:22  Drone  
  70  6:26  Drone x3  
  70  6:32  Overlord  
  73  6:35  Lair  
  73  6:36  Drone  
  73  6:39  Ravager  
  75  6:44  Overlord, Drone  
  75  6:54  Overlord  
  75  6:56  Queen  
  75  6:57  Drone x2  
  75  6:58  Drone x2  
  75  7:00  Drone  
  81  7:07  Drone x2  
  81  7:08  Drone x2  
  85  7:11  Queen  
  85  7:15  Drone x2  
  89  7:20  Drone x3  
  87  7:23  Overlord  
  87  7:24  Drone x2  
  84  7:31  Drone, Evolution Chamber  
  84  7:33  Drone x2  
  84  7:37  Queen  
  83  7:40  Extractor  
  83  7:42  Extractor  
  83  7:43  Glial Reconstitution  
  80  7:45  Zergling x14  
  80  7:46  Zergling x2  
  80  7:49  Queen  
  90  7:52  Roach x2  
  90  7:56  Overlord  
  90  7:58  Roach x2  
  99  7:59  Roach  
  99  8:01  Spore Crawler  
  99  8:03  Drone, Spore Crawler  
  100  8:06  Roach  
  100  8:07  Pneumatized Carapace  
  100  8:09  Roach  
  104  8:16  Zergling x10  
  104  8:18  Overlord  
  109  8:20  Ravager  
  109  8:23  Roach x2  
  113  8:29  Overlord  
  113  8:31  Roach  
  111  8:34  Overlord  
  111  8:38  Roach x3, Zergling x2  
  111  8:41  Queen  
  120  8:46  Roach  
  120  8:48  Overlord  
  121  8:49  Roach, Zergling x4  
  124  8:57  Ravager  
  124  8:59  Zergling x14  
  124  9:01  Overlord  
  131  9:05  Roach, Zergling x2  
  131  9:06  Zergling x2  
  132  9:11  Roach  
  132  9:13  Ravager  
  132  9:16  Zergling x6  
  132  9:17  Zergling x4  
  136  9:25  Zergling x4  
Show
View Real Time Build Order
Export as new Build Order

Hellraiser Protoss 

Build Orders:  

Get SALT Encoding   

  12  0:00  Probe  
  13  0:12  Probe  
  14  0:24  Probe  
  15  0:31  Pylon  
  15  0:50  Gateway  
  15  0:53  Gateway  
  15  0:57  Gateway  
  15  1:01  Probe  
  16  1:13  Probe  
  16  1:16  Pylon  
  17  1:37  Zealot (Chrono Boost)  
  19  1:40  Zealot (Chrono Boost)  
  23  1:49  Pylon  
  23  1:50  Zealot (Chrono Boost)  
  23  1:54  Zealot (Chrono Boost)  
  23  1:55  Probe  
  23  1:57  Zealot  
  28  2:13  Zealot (Chrono Boost)  
  29  2:29  Zealot (Chrono Boost)  
  29  2:31  Zealot (Chrono Boost)  
  29  2:32  Probe  
  30  2:42  Assimilator  
  34  2:52  Cybernetics Core  
  30  2:59  Nexus  
  30  3:02  Probe  
  31  3:12  Assimilator  
  31  3:15  Probe  
  32  3:27  Probe  
  33  3:40  Probe  
  34  3:42  Robotics Facility  
  32  3:52  Probe  
  27  3:59  Warp Gate  
  27  4:02  Gateway  
  23  4:04  Probe (Chrono Boost)  
  23  4:07  Shield Battery  
  24  4:12  Probe (Chrono Boost)  
  24  4:16  Probe (Chrono Boost)  
  26  4:21  Probe (Chrono Boost)  
  26  4:23  Probe (Chrono Boost)  
  28  4:27  Immortal (Chrono Boost)  
  32  4:38  Cybernetics Core  
  32  4:43  Shield Battery  
  32  4:50  Pylon  
  32  5:02  Immortal  
  32  5:03  Probe  
  32  5:04  Probe  
  38  5:15  Stargate  
  38  5:16  Probe (Chrono Boost)  
  38  5:20  Probe (Chrono Boost)  
  40  5:28  Probe (Chrono Boost)  
  41  5:32  Probe (Chrono Boost)  
  41  5:33  Probe (Chrono Boost)  
  43  5:40  Probe, Warp Prism  
  43  5:42  Probe  
  47  5:44  Pylon  
  47  5:56  Nexus  
  47  6:01  Phoenix  
  47  6:04  Probe  
  50  6:05  Probe  
  50  6:11  Gateway  
  51  6:16  Gateway  
  51  6:18  Probe  
  52  6:20  Probe  
  53  6:27  Oracle  
  53  6:30  Probe  
  53  6:32  Probe  
  58  6:34  Assimilator  
  58  6:36  Assimilator  
  58  6:42  Probe  
  58  6:44  Probe  
  60  6:47  Shield Battery  
  61  6:54  Probe  
  61  7:00  Probe  
  62  7:08  Oracle  
  65  7:09  Pylon x2  
  65  7:10  Adept x2  
  65  7:12  Probe  
  68  7:28  Probe x2  
  68  7:30  Adept  
  68  7:31  Adept  
  68  7:35  Probe  
  71  7:40  Probe x2  
  72  7:46  Phoenix (Chrono Boost)  
  72  7:47  Probe  
  75  7:52  Probe, Stargate  
  75  7:53  Probe  
  75  7:55  Assimilator  
  75  7:57  Assimilator  
  77  7:59  Probe  
  77  8:04  Phoenix  
  77  8:05  Probe x2  
  80  8:09  Zealot x2  
  80  8:10  Forge  
  80  8:12  Probe  
  87  8:17  Probe x2  
  89  8:23  Pylon x2  
  90  8:28  Stargate  
  90  8:29  Probe  
  90  8:30  Pylon  
  92  8:35  Phoenix (Chrono Boost)  
  92  8:37  Probe  
  92  8:39  Probe  
  92  8:41  Probe  
  96  8:42  Phoenix (Chrono Boost), Pylon  
  96  8:49  Probe  
  96  8:52  Probe  
  96  8:53  Probe  
  96  8:55  Phoenix (Chrono Boost)  
  99  9:00  Pylon  
  103  9:04  Phoenix (Chrono Boost), Zealot x2  
  105  9:11  Phoenix  
  105  9:13  Nexus  
  105  9:26  Probe  
  105  9:27  Probe  
  105  9:30  Probe  
Tags
 
Add a new tag
Caveats
  • Supply blocks, unpowered buildings, or Contaminate may cause inaccurate times.
  • Supply counts are checked every 10 seconds.